 Dungeon Crawl Stone Soup version 0.19.5 (webtiles) character file.

383 tricornhat the Slasher (level 6, 0/48 HPs)
             Began as a Demonspawn Berserker on Mar 12, 2017.
             Was a Priest of Trog.
             Slain by a phantom (6 damage)
             ... on level 4 of the Dungeon.
             The game lasted 00:14:15 (2334 turns).

tricornhat the Slasher (Demonspawn Berserker)       Turns: 2334, Time: 00:14:15

Health: 0/48       AC: 16    Str: 17    XL:     6   Next: 47%
Magic:  6/6        EV:  7    Int:  9    God:    Trog [***...]
Gold:   100        SH:  0    Dex: 14    Spells: 0 memorised, 5 levels left

rFire  . . .     SeeInvis .     a - +0 falchion
rCold  . . .     Gourm    .     o - +0 chain mail {rPois}
rNeg   . . .     Faith    .     (no shield)
rPois  +         Spirit   .     (no helmet)
rElec  .         Reflect  .     h - +0 cloak
rCorr  .         Harm     .     (no gloves)
MR     .....                    (no boots)
Stlth  ..........               (no amulet)
                                (no ring)
                                (no ring)

@: sanguine armour
A: talons 1, demonic guardian 1, sanguine armour 1
a: Berserk, Trog's Hand, Burn Spellbooks, Renounce Religion


You were on level 4 of the Dungeon.
You worshipped Trog.
Trog was most pleased with you.
You were not hungry.

You visited 1 branch of the dungeon, and saw 4 of its levels.

You collected 100 gold pieces.

Inventory:

Hand Weapons
 a - a +0 falchion (weapon)
 e - a +0 falchion of holy wrath
Armour
 b - a +0 animal skin
 d - a +0 ring mail
 h - a +0 cloak (worn)
 o - a +0 chain mail of poison resistance (worn)
Jewellery
 g - an uncursed ring of ice
Potions
 i - a potion of invisibility {unknown}
 j - a potion of mutation {unknown}
 k - a potion of cancellation {unknown}
 m - a potion of might {unknown}
Comestibles
 c - 2 bread rations
 q - a meat ration


   Skills:
 + Level 4.0 Fighting
 * Level 5.5 Long Blades
 + Level 2.9 Armour
 + Level 2.0 Dodging
 + Level 0.4 Stealth


You had 5 spell levels left.
You didn't know any spells.

Dungeon Overview and Level Annotations

Branches:
Dungeon (4/15)
 Temple: D:4-7

Altars:
Vehumet


Innate Abilities, Weirdness & Mutations

You have sharp toenails.
A weak demonic guardian rushes to your aid.
When seriously injured, your bleeding wounds create armour. (AC +6)


Message History

Your quasit misses the phantom.
Your quasit barely misses the phantom.
Your quasit completely misses the phantom.
The phantom hits your white imp.
The phantom blinks!
There is an open door, spattered with blood here.
Things that are here:
a scythe; a runed robe; the human corpse of Sigmund You swap places.
You start resting.
A phantom is nearby!
Your quasit disappears in a puff of smoke!
Your white imp gestures at the phantom.
The puff of frost hits the phantom.
The phantom completely resists.
Your white imp barely misses the phantom.
The phantom hits your white imp.
Your white imp dies!
The phantom blinks!
You hit the phantom. Your kick misses the phantom.
The phantom is moderately damaged.
The phantom hits you.
You die...

#†....#,,,***+**********
#.....#,,,,,,,...,,,,,,*
#.....#,,,,,,....,,,,,,*
#.....#,,,,,,....,,,,,,*
#.....#####*...#***,,,,*
#.....#...##...##*******
#.....'..........,,,,,,,
#.....#W.........,,,,,,,
#.....#@.........,,,<,,,
#.....###)##.....,,,,,,,
#..........#.....,,,,,,,
#..........#,....,,,,,,,
#..........######**,,**,
########...............#******,
#......................+,,,,,+,
#............###+#.....#,,,,>*,
#............+,,,#.....#,,,,,*,


You could see a phantom.

Vanquished Creatures
  Sigmund (D:4)
  A hound (D:4)
  An orc wizard (D:3)
  An iguana (D:4)
  7 adders
  2 oozes
  2 worms (D:2)
  A leopard gecko (D:3)
  7 orcs (D:3)
  A ball python (D:1)
  2 giant cockroaches
  9 goblins
  6 hobgoblins
  6 jackals
  2 quokkas
  12 bats
  2 frilled lizards
  3 kobolds
  7 rats
73 creatures vanquished.

Notes
Turn   | Place    | Note
-------+----------+-------------------------------------------
     0 | D:1      | tricornhat the Demonspawn Berserker began the quest for the Orb.
     0 | D:1      | Reached XP level 1. HP: 18/18 MP: 1/1
   122 | D:1      | Gained mutation: You have sharp toenails. [demonic ancestry]
   122 | D:1      | Reached XP level 2. HP: 17/24 MP: 2/2
   212 | D:1      | Reached skill level 3 in Long Blades
   392 | D:1      | Reached ** piety under Trog
   401 | D:1      | Reached XP level 3. HP: 27/29 MP: 3/3
  1205 | D:2      | Gained mutation: When seriously injured, your bleeding wounds create armour. (AC +6) [demonic ancestry]
  1205 | D:2      | Reached XP level 4. HP: 37/37 MP: 4/4
  1362 | D:3      | Found a faded altar of an unknown god.
  1435 | D:3      | Reached skill level 4 in Long Blades
  1691 | D:3      | Reached XP level 5. HP: 13/42 MP: 5/5
  1711 | D:3      | Reached *** piety under Trog
  2130 | D:4      | Reached skill level 5 in Long Blades
  2243 | D:4      | Found a radiant altar of Vehumet.
  2278 | D:4      | Noticed Sigmund
  2307 | D:4      | Killed Sigmund
  2307 | D:4      | Gained mutation: A weak demonic guardian rushes to your aid. [demonic ancestry]
  2307 | D:4      | Reached XP level 6. HP: 7/48 MP: 6/6
  2334 | D:4      | Slain by a phantom

Skill      XL: |  1  2  3  4  5 |
---------------+----------------+-----
Armour         | 2 |  2.9
Long Blades    | 3 4 5 |  5.5
Fighting       | 4 |  4.0
Dodging        | 2 |  2.0
Stealth        | |  0.4

Action                   |  1- 3 |  4- 6 || total
-------------------------+-------+-------++-------
Melee: Falchion          |   115 |   186 ||   301
       Kick              |    24 |    58 ||    82
  Use: Scroll            |       |     8 ||     8
       Potion            |       |     1 ||     1
  Eat: Fruit             |     3 |       ||     3
       Pizza             |       |     1 ||     1
       Bread ration      |       |     1 ||     1
Armor: Ring mail         |    36 |    47 ||    83
       Chain mail        |       |    54 ||    54
Dodge: Dodged            |    83 |   108 ||   191
       Rpst.: Falchion   |    24 |    41 ||    65
